 Dungeon Crawl Stone Soup version 0.21.1-1-g345015f (webtiles) character file.

956 Merlin the Cudgeler (level 7, -7/56 HPs)
             Began as a Demonspawn Chaos Knight on July 7, 2018.
             Mangled by a two-headed ogre
             ... wielding a +0 giant spiked club
              (23 damage)
             ... on level 5 of the Dungeon.
             The game lasted 00:18:44 (3876 turns).

Merlin the Cudgeler (Demonspawn Chaos Knight)       Turns: 3876, Time: 00:18:45

Health: -7/56      AC:  6    Str: 13    XL:     7   Next: 91%
Magic:  7/7        EV: 12    Int: 13    God:    Xom [..*...]
Gold:   216        SH:  0    Dex: 14    Spells: 6/6 levels left

rFire    + . .     SeeInvis .   g - +2 war axe (elec)
rCold    . . .     Gourm    .   (no shield)
rNeg     . . .     Faith    .   b - +2 leather armour
rPois    .         Spirit   .   (no helmet)
rElec    .         Reflect  .   (no cloak)
rCorr    .         Harm     .   (no gloves)
MR       .....                  (no boots)
Stlth    ++........             (no amulet)
HPRegen  0.18/turn              (no ring)
MPRegen  0.10/turn              (no ring)

@: no status effects
A: hooves 2, rugged brown scales 1, fire resistance 1
a: Renounce Religion


You were on level 5 of the Dungeon.
You worshipped Xom.
You were a toy of Xom.
You were not hungry.

You visited 1 branch of the dungeon, and saw 5 of its levels.

You collected 216 gold pieces.

Inventory:

Hand Weapons
 a - a +0 mace of chaos
 g - a +2 war axe of electrocution (weapon)
 h - a +2 hand axe of flaming
 i - a +1 dagger of pain
Missiles
 o - 36 poisoned needles
Armour
 b - a +2 leather armour (worn)
 p - a +0 ring mail
Scrolls
 d - a scroll of random uselessness {unknown}
 l - a scroll of enchant weapon {unknown}
 s - a scroll of teleportation {unknown}
 t - a scroll of remove curse {unknown}
Potions
 e - a potion of degeneration {unknown}
 f - a potion of ambrosia {unknown}
 j - a potion of might {unknown}
 m - 2 potions of flight {unknown}
 n - a potion of curing
 r - a potion of brilliance {unknown}
Comestibles
 c - 5 rations
 k - 2 chunks of flesh


   Skills:
 + Level 4.8 Fighting
 + Level 2.4(4.3) Axes
 + Level 5.5(5.8) Maces & Flails
 + Level 3.6 Armour
 + Level 2.8 Dodging
 + Level 2.3 Stealth


You had 6 spell levels left.
You didn't know any spells.

Dungeon Overview and Level Annotations

Branches:
Dungeon (5/15)             Temple (0/1) D:5

Altars:
Cheibriados
Elyvilon
Fedhas
Hepliaklqana
Trog
Wu Jian
Yredelemnul


Innate Abilities, Weirdness & Mutations

You have hoof-like feet.
You are partially covered in rugged brown scales. (AC +1, +3% HP)
Your flesh is heat resistant. (rF+)


Message History

Found a chain mail.
Found a staircase to the Ecumenical Temple.
A two-headed ogre comes into view. It is wielding two giant spiked clubs.
The two-headed ogre shouts in stereo!
Found a club.
The two-headed ogre hits you with a giant spiked club!!
The two-headed ogre closely misses you. Xom grants you insight.
You detect nothing.
The two-headed ogre hits you with a giant spiked club!!
* * * LOW HITPOINT WARNING * * *
The two-headed ogre hits you but does no damage.
As you read the scroll labeled QOW ONUCKAKKUT, it crumbles to dust.
The creatures around you are filled with an inner flame!
It was a scroll of immolation.
There is a stone staircase leading down here.
The two-headed ogre closely misses you.
The two-headed ogre hits you with a giant spiked club!!
You die...
Xom bursts into laughter!

# #.....# #..#*,#............,,,
# ###.### ##.##.#)....#.#.#.#,*,
# ####'## #..#.#.........[..,,,
###...(.######'#.#.....#......,*,
.##..............#............,,,
.##..............#.....#...>..,*,
.##..............#............,,,
.##..............#.....#......,*,
.##.............@O............,,,
###..............####..#.#.#.#,*,
# #.....########.# #.........,,,
#.....# #.# #.......##*** #######
#.# ###.....# #.# *###)## #.# *.#
#.# *,# *,* *,*


You could see a two-headed ogre (inner flame).

Vanquished Creatures
  2 ogres (D:4)
  A phantom (D:5)
  A scorpion (D:4)
  3 crimson imps (D:5)
  2 hounds (D:4)
  An orc priest (D:5)
  Jessica (D:3)
  3 orc wizards (D:5)
  4 worker ants
  4 gnolls (D:3)
  5 adders
  A shadow imp (D:5)
  An adder skeleton (D:5)
  4 worms
  A dart slug (D:2)
  2 leopard geckos
  10 orcs
  A ball python (D:1)
  4 bats
  5 giant cockroaches
  A goblin (D:3)
  8 hobgoblins
  4 kobolds
  3 quokkas
  2 frilled lizards (D:1)
  A jackal skeleton (D:4)
  4 rats
79 creatures vanquished.

Vanquished Creatures (collateral kills)
  Blork the orc (D:4)
  An iguana (D:4)
2 creatures vanquished.

Vanquished Creatures (others)
  An iguana (D:4)
  A jackal skeleton (D:4)
2 creatures vanquished.

Grand Total: 83 creatures vanquished

Notes
Turn   | Place    | Note
-------+----------+-------------------------------------------
     0 | D:1      | Merlin the Demonspawn Chaos Knight began the quest for the Orb.
     0 | D:1      | Reached XP level 1. HP: 18/18 MP: 1/1
   101 | D:1      | XOM: divination: magic mapping
   148 | D:1      | XOM: god gift: fuming ruby potion {god gift}
   330 | D:1      | Reached skill level 3 in Maces & Flails
   367 | D:1      | XOM: 4-stop teleportation journey
   371 | D:1      | XOM: mild Necr miscast
   410 | D:1      | XOM: harmless Summ miscast
   412 | D:1      | Gained mutation: Your flesh is heat resistant. (rF+) [demonic ancestry]
   412 | D:1      | Reached XP level 2. HP: 24/24 MP: 2/2
   427 | D:1      | XOM: harmless Conj miscast
   571 | D:2      | XOM: swap monsters
   579 | D:2      | XOM: enchant monster (bad)
   622 | D:2      | Reached XP level 3. HP: 17/29 MP: 3/3
   723 | D:2      | XOM: noise
   731 | D:2      | Found a white marble altar of Elyvilon.
   945 | D:2      | XOM: harmless Necr miscast
   987 | D:2      | Found a bloodstained altar of Trog.
  1042 | D:2      | XOM: mild Conj miscast
  1096 | D:2      | XOM: harmless Tmut miscast
  1203 | D:2      | Found a hazy altar of Hepliaklqana.
  1257 | D:2      | Found a blossoming altar of Fedhas.
  1405 | D:3      | Reached skill level 1 in Dodging
  1503 | D:3      | Noticed Jessica
  1508 | D:3      | Killed Jessica
  1508 | D:3      | Gained mutation: You are partially covered in rugged brown scales. (AC +1, +3% HP) [demonic ancestry]
  1508 | D:3      | Reached XP level 4. HP: 11/36 MP: 4/4
  1860 | D:3      | XOM: cast spell 'Summon Small Mammal'
  1862 | D:3      | XOM: divination: detect creatures
  1877 | D:3      | Reached skill level 1 in Stealth
  1904 | D:3      | Found an ornate altar of the Wu Jian Council.
  1958 | D:3      | Reached skill level 4 in Maces & Flails
  2001 | D:3      | XOM: divination: magic mapping
  2371 | D:3      | XOM: silly message
  2403 | D:3      | XOM: divination: detect items
  2473 | D:3      | Gained mutation: You have large cloven feet. [demonic ancestry]
  2473 | D:3      | Reached XP level 5. HP: 26/43 MP: 5/5
  2867 | D:4      | Found a runed door.
  2867 | D:4      | Noticed a human
  2869 | D:4      | Found a basalt altar of Yredelemnul.
  2904 | D:4      | Gained mutation: You have hoof-like feet. [demonic ancestry]
  2904 | D:4      | Reached XP level 6. HP: 17/49 MP: 6/6
  2913 | D:4      | XOM: harmless Summ miscast
  3009 | D:4      | XOM: noise
  3026 | D:4      | XOM: 1-stop teleportation journey
  3050 | D:4      | Noticed Blork the orc
  3063 | D:4      | XOM: swap monsters
  3064 | D:4      | XOM: summons 6 friendly demons
  3066 | D:4      | Reached skill level 5 in Maces & Flails
  3068 | D:4      | Killed Blork the orc
  3068 | D:4      | Reached XP level 7. HP: 25/56 MP: 7/7
  3370 | D:5      | Entered Level 5 of the Dungeon
  3499 | D:5      | Reached skill level 1 in Axes
  3590 | D:5      | Found a snail-covered altar of Cheibriados.
  3622 | D:5      | XOM: cast spell 'Summon Small Mammal'
  3657 | D:5      | XOM: cloud trail
  3711 | D:5      | XOM: mild Air miscast
  3821 | D:5      | XOM: divination: detect items
  3860 | D:5      | Found a staircase to the Ecumenical Temple.
  3866 | D:5      | Noticed a two-headed ogre
  3868 | D:5      | XOM: divination: detect creatures
  3876 | D:5      | Mangled by a two-headed ogre

Skill      XL: |  1  2  3  4  5  6  7 |
---------------+----------------------+-----
Maces & Flails | 3 4 5 |  5.5
Armour         | 2 3 |  3.6
Dodging        | 1 2 |  2.8
Stealth        | 1 2 |  2.3
Fighting       | 4 |  4.8
Axes           | 2 |  2.4

Action                   |  1- 3 |  4- 6 |  7- 9 || total
-------------------------+-------+-------+-------++-------
Melee: Mace              |    87 |    97 |       ||   184
       Kick              |       |    17 |    14 ||    31
       War axe           |       |       |    69 ||    69
  Use: Scroll            |     1 |     3 |     3 ||     7
       Potion            |       |     7 |       ||     7
 Stab: Sleeping          |     2 |       |     3 ||     5
       Petrifying        |     2 |       |       ||     2
       Petrified         |       |       |     2 ||     2
  Eat: Chunk             |     2 |     1 |       ||     3
       Ration            |       |     1 |     1 ||     2
Armor: Leather armour    |    30 |    51 |    24 ||   105
Dodge: Dodged            |    51 |    81 |    40 ||   172
